 Dungeon Crawl Stone Soup version 0.31.0-9-g3a7656b989 (webtiles) character file.

Game seed: 2409792534458039808

3801 qw the Nimble (level 9, -3/45 HPs)
             Began as a Spriggan Hunter on Feb 2, 2024.
             Incinerated by a bombardier beetle (4 damage)
             ... with a burning spray
             ... on level 7 of the Dungeon.
             The game lasted 00:00:32 (5765 turns).

qw the Nimble (Spriggan Hunter)                     Turns: 5765, Time: 00:00:33

Health: -3/45      AC:  4    Str:  7    XL:     9   Next: 96%
Magic:  10/10      EV: 49    Int: 10    God:
Gold:   244        SH:  0    Dex: 23    Spells: 8/8 levels left

rFire   . . .        e - +0 arbalest (heavy)
rCold   . . .        (shield currently unavailable)
rNeg    . . .        c - +0 robe
rPois   .            (helmet restricted)
rElec   .            h - +1 cloak
rCorr   +            (gloves unavailable)
SInv    +            (boots unavailable)
Will    +....        i - amulet of the acrobat
Stlth   +            f - ring of resist corrosion
HPRegen 0.27/turn    k - +5 ring of evasion
MPRegen 0.12/turn

%: acrobat
@: on fire, acrobatic, glowing, very quick
A: very small, no large weapons, unfitting armour, see invisible, speed 3
a: no special abilities


You were on level 7 of the Dungeon.
You visited 2 branches of the dungeon, and saw 8 of its levels.

You collected 244 gold pieces.


Innate Abilities, Weirdness & Mutations

You are very small and have problems with some larger weapons.
You are too small for most types of armour.
You have supernaturally acute eyesight. (SInv)
You cover ground extremely quickly. (Speed+++)


   Skills:
 - Level 4.0 Fighting
 - Level 11.1 Ranged Weapons
 + Level 11.8 Dodging
 - Level 1.5 Stealth


You had 8 spell levels left.
You didn't know any spells.
Your spell library was empty.

Inventory:

Hand Weapons
 e - a +0 heavy arbalest (weapon)
Armour
 c - a +0 robe (worn)
 h - a +1 cloak (worn)
Jewellery
 f - a ring of resist corrosion (left hand)
 i - an amulet of the acrobat (around neck)
 k - a +5 ring of evasion (right hand)
Wands
 b - a wand of roots (5)
 p - a wand of light (2)
Scrolls
 d - 4 scrolls of teleportation
Potions
 a - 2 potions of heal wounds
 g - a potion of enlightenment
 j - a potion of curing
 l - a potion of haste
 m - a potion of might {unknown}
 q - a potion of mutation {unknown}

Dungeon Overview and Level Annotations

Branches:
Dungeon (7/15)             Temple (1/1) D:7

Altars:
Ashenzari
Dithmenos
Elyvilon
Fedhas
Gozag
Hepliaklqana
Kikubaaqudgha
Makhleb
Nemelex Xobeh
Ru
Sif Muna
Uskayaw
Vehumet
Wu Jian
Yredelemnul
Zin

Shops:
D:1 [   D:6 :**

Annotations:
D:6 1 runed translucent door, exclusion: 4 centaurs, Crazy Yiuf


Message History

The gnoll is lightly wounded.
The gnoll misses you.
The gnoll hits you from afar with a +0 spear.
You shoot a bolt. The bolt closely misses the gnoll.
The gnoll completely misses you. The gnoll misses you.
You shoot a bolt. The bolt hits the gnoll!!
You kill the gnoll!
You shoot a bolt. The bolt hits the bombardier beetle.
The bombardier beetle is moderately wounded.
You start resting.
A bombardier beetle is nearby!
You shoot a bolt.
The bolt barely misses the bombardier beetle.
The bombardier beetle sprays incendiary fluid at you.
The burning spray hits you.
You are covered in liquid fire!
You shoot a bolt. The bolt hits the bombardier beetle!
You kill the bombardier beetle!
The liquid fire burns you!
You are on fire!
The liquid fire burns you!
You are on fire!
The liquid fire burns you!
You are on fire!
The liquid fire burns you!
You are on fire!
The liquid fire burns you!
You are on fire!
The liquid fire burns you!
You are on fire!
The liquid fire burns you!
You are on fire!
The liquid fire burns you!
You are on fire!
The liquid fire burns you!
You are on fire!
The liquid fire burns you!
You are on fire!
The liquid fire burns you!
You die...

...(.###...# ##......####.##
.#.#.###...#########%####..#
##............#.#.......##..#
##..............#..)....# ..#
................#..)>...+ #...
#..#............#.......# ....
#..#............#.......#.....
#...............####)####.....
#.##........(...@.))....#.....
..#######.###...#...#....#....
### ###...[................. #
#####...###....#.........###
###.....#.#:'...######...#####
#...###...#)#...######.......#
#.### #...#(#....#........)...
..# #...###.))..............
### #.........##............


There were no monsters in sight!

Vanquished Creatures
  Pikel (D:5)
  Jeremiah (D:6)
  6 humans (D:7)
  A sky beast (D:7)
  An ice beast (D:6)
  An ogre (D:5)
  A centaur (D:6)
  3 phantoms (D:4)
  A kobold brigand (D:6)
  A bullfrog (D:6)
  A gnoll sergeant (D:7)
  A scorpion (D:6)
  10 killer bees (D:7)
  4 bombardier beetles
  An orc priest (D:7)
  A human zombie (D:6)
  2 jellies
  4 hounds
  3 sleepcaps
  4 iguanas
  9 orc wizards
  5 gnolls (D:7)
  6 adders
  2 ribbon worms (D:2)
  A dart slug (D:5)
  30 orcs
  3 ball pythons
  9 endoplasms
  4 giant cockroaches
  A gnoll zombie (D:6)
  4 goblins
  4 hobgoblins
  2 quokkas
  6 bats
  A frilled lizard (D:1)
  14 kobolds
  4 rats
153 creatures vanquished.

Notes
Turn   | Place    | Note
-------+----------+-------------------------------------------
     0 | D:1      | qw the Spriggan Hunter began the quest for the Orb.
     0 | D:1      | Reached XP level 1. HP: 10/10 MP: 2/2
     0 | D:1      | 0 ||| qw: Version: 0.3-a-155-g5e7d8dd
     0 | D:1      | 0 ||| qw: Game counter: 604
     0 | D:1      | 0 ||| qw: Melee chars always use a shield: true
     0 | D:1      | 0 ||| qw: God list: Okawaru
     0 | D:1      | 0 ||| qw: Allow faded altars: false
     0 | D:1      | 0 ||| qw: Do Orc after clearing Dungeon:15 true
     0 | D:1      | 0 ||| qw: Do second Lair branch before Depths: true
     0 | D:1      | 0 ||| qw: Lair rune preference: random
     0 | D:1      | 0 ||| qw: Goals: Normal
     0 | D:1      | 0 ||| PLANNING D:1-11
    34 | D:1      | Reached skill level 3 in Dodging
   151 | D:1      | Reached XP level 2. HP: 14/14 MP: 3/3
   289 | D:1      | Found Sittolo's Antique Armour Emporium.
   297 | D:1      | Found a faded altar of an unknown god.
   300 | D:1      | 300 ||| SHOPLISTING cloak (103 gold, have 51).
   723 | D:1      | 723 ||| READING scroll labelled LINYTU SEEGH.
   726 | D:1      | 726 ||| READING scroll labelled WAMAED YMNI.
   827 | D:1      | 827 ||| READING scroll labelled GUPRAE JYNY MENIRCH.
   828 | D:1      | 828 ||| READING scroll labelled ENTUAD REGAQEXT.
   829 | D:1      | 829 ||| DROPPING scroll of butterflies.
   876 | D:2      | HP: 3/14 [ribbon worm (2)]
   992 | D:2      | 992 ||| SWAPPING to +0 arbalest.
   997 | D:2      | 997 ||| DROPPING +0 shortbow.
  1009 | D:2      | Reached XP level 3. HP: 18/18 MP: 4/4
  1288 | D:2      | 1288 ||| UPGRADING to ring of resist corrosion.
  1289 | D:2      | 1289 ||| DROPPING ring of wizardry.
  1290 | D:2      | 1290 ||| READING scroll labelled TUOZXUUPPO.
  1290 | D:2      | 1290 ||| IDENTIFYING smoky clear potion
  1746 | D:3      | Reached XP level 4. HP: 22/22 MP: 5/5
  1802 | D:3      | 1802 ||| UPGRADING to +0 cloak.
  1807 | D:3      | 1807 ||| UPGRADING to amulet of the acrobat.
  1812 | D:3      | 1812 ||| READING scroll labelled VIBUEFREUCH.
  1813 | D:3      | 1813 ||| DRINKING 2 blue potions.
  1843 | D:4      | Identified the +9 hand axe "Gotsaxt" {antimagic, Dex+4}
  1972 | D:4      | Reached XP level 5. HP: 19/26 MP: 6/6
  2030 | D:4      | Noticed a phantom
  2036 | D:4      | Killed a phantom
  2152 | D:4      | Noticed a phantom
  2156 | D:4      | Killed a phantom
  2157 | D:4      | Reached skill level 6 in Ranged Weapons
  2157 | D:4      | Reached XP level 6. HP: 30/30 MP: 7/7
  2457 | D:4      | Reached skill level 6 in Dodging
  2830 | D:4      | 2830 ||| UPGRADING to +5 ring of evasion.
  2831 | D:4      | 2831 ||| DRINKING 2 murky black potions.
  2855 | D:5      | Entered Level 5 of the Dungeon
  2867 | D:5      | Reached XP level 7. HP: 35/35 MP: 8/8
  3071 | D:5      | Identified the amulet of Mitzebul {Acrobat Int+5}
  3337 | D:5      | Noticed Pikel
  3349 | D:5      | Killed Pikel
  3350 | D:5      | Reached skill level 9 in Dodging
  3350 | D:5      | Reached XP level 8. HP: 17/39 MP: 9/9
  3611 | D:5      | 3611 ||| DROPPING amulet of Mitzebul {Acrobat Int+5}.
  3612 | D:5      | 3612 ||| READING scroll labelled WEDOIC KEEL.
  3680 | D:5      | 3680 ||| READING scroll labelled BEUTZO ZEOCW.
  3680 | D:5      | 3680 ||| ENCHANTING +0 cloak.
  3681 | D:5      | 3681 ||| DRINKING 2 puce potions.
  3740 | D:6      | 3740 ||| PLANNING OSSUARY
  3819 | D:6      | Reached skill level 3 in Fighting
  3861 | D:6      | Noticed Jeremiah
  3862 | D:6      | 3862 ||| DRINKING potion of haste.
  3868 | D:6      | 3868 ||| FLEEEEING.
  3870 | D:6      | 3870 ||| FLEEEEING.
  3872 | D:6      | 3872 ||| FLEEEEING.
  3875 | D:6      | 3875 ||| FLEEEEING.
  3881 | D:6      | 3881 ||| FLEEEEING.
  3883 | D:6      | 3883 ||| FLEEEEING.
  3884 | D:6      | 3884 ||| FLEEEEING.
  3885 | D:6      | 3885 ||| FLEEEEING.
  3888 | D:6      | 3888 ||| FLEEEEING.
  3890 | D:6      | 3890 ||| FLEEEEING.
  3892 | D:6      | 3892 ||| FLEEEEING.
  3894 | D:6      | 3894 ||| FLEEEEING.
  3896 | D:6      | 3896 ||| FLEEEEING.
  3899 | D:6      | 3899 ||| FLEEEEING.
  3903 | D:6      | 3903 ||| FLEEEEING.
  3905 | D:6      | 3905 ||| FLEEEEING.
  3907 | D:6      | 3907 ||| FLEEEEING.
  3909 | D:6      | 3909 ||| FLEEEEING.
  3911 | D:6      | 3911 ||| FLEEEEING.
  3914 | D:6      | 3914 ||| FLEEEEING.
  3916 | D:6      | 3916 ||| FLEEEEING.
  3918 | D:6      | 3918 ||| FLEEEEING.
  3920 | D:6      | 3920 ||| FLEEEEING.
  3922 | D:6      | 3922 ||| FLEEEEING.
  3925 | D:6      | 3925 ||| FLEEEEING.
  3927 | D:6      | 3927 ||| FLEEEEING.
  3935 | D:6      | 3935 ||| FLEEEEING.
  3936 | D:6      | 3936 ||| FLEEEEING.
  3941 | D:6      | 3941 ||| FLEEEEING.
  3942 | D:6      | 3942 ||| FLEEEEING.
  3944 | D:6      | 3944 ||| FLEEEEING.
  3945 | D:6      | 3945 ||| FLEEEEING.
  3947 | D:6      | 3947 ||| FLEEEEING.
  3949 | D:6      | 3949 ||| FLEEEEING.
  3950 | D:6      | 3950 ||| FLEEEEING.
  3952 | D:6      | 3952 ||| FLEEEEING.
  3957 | D:6      | 3957 ||| ZAPPING wand of light (7) at 4,3 (Jeremiah;
                  | floor).
  3959 | D:6      | 3959 ||| ZAPPING wand of light (6) at 4,3 (Jeremiah;
                  | floor).
  3960 | D:6      | 3960 ||| ZAPPING wand of light (5) at 4,3 (Jeremiah;
                  | floor).
  3963 | D:6      | 3963 ||| ZAPPING wand of light (4) at 4,3 (Jeremiah;
                  | floor).
  3967 | D:6      | 3967 ||| ZAPPING wand of light (3) at 4,3 (Jeremiah;
                  | floor).
  3967 | D:6      | Killed Jeremiah
  3968 | D:6      | Reached skill level 9 in Ranged Weapons
  4137 | D:6      | 4137 ||| FLEEEEING.
  4138 | D:6      | 4138 ||| FLEEEEING.
  4205 | D:6      | Reached XP level 9. HP: 44/44 MP: 10/10
  4219 | D:6      | Found Offeis's General Store.
  4220 | D:6      | Found Ugowk's Specific Store.
  4227 | D:6      | 4227 ||| SHOPLISTING wand of light (4) (252 gold, have
                  | 172).
  4317 | D:6      | Found Uzyhed's Tiny Tomes.
  4442 | D:6      | Found an opulent altar of Gozag.
  4581 | D:6      | 4581 ||| RIP OSSUARY
  4581 | D:6      | 4581 ||| PLANNING D:1-11
  4581 | D:6      | 4581 ||| READING scroll of identify.
  4581 | D:6      | 4581 ||| IDENTIFYING gluggy blue potion
  4582 | D:6      | 4582 ||| READING scroll labelled KUJOEM WIUCETS.
  4683 | D:6      | 4683 ||| READING scroll labelled LYWUISCHIUCW.
  4683 | D:6      | 4683 ||| BRANDING +0 arbalest.
  4684 | D:6      | 4684 ||| DROPPING potion of degeneration.
  5083 | D:6      | Found a runed translucent door.
  5084 | D:6      | Noticed Crazy Yiuf
  5330 | D:7      | 5330 ||| RETREEEEATING.
  5331 | D:7      | 5331 ||| DRINKING potion of haste.
  5338 | D:7      | 5338 ||| RETREEEEATING.
  5339 | D:7      | 5339 ||| RETREEEEATING.
  5340 | D:7      | 5340 ||| RETREEEEATING.
  5342 | D:7      | 5342 ||| RETREEEEATING.
  5354 | D:7      | 5354 ||| RETREEEEATING.
  5358 | D:7      | 5358 ||| RETREEEEATING.
  5362 | D:7      | HP: 11/45 [gnoll sergeant/+0 spear (5)]
  5363 | D:7      | 5363 ||| READING 4 scrolls of teleportation.
  5364 | D:7      | 5364 ||| DRINKING 3 potions of heal wounds.
  5482 | D:7      | Found a staircase to the Ecumenical Temple.
  5483 | D:7      | 5483 ||| PLANNING TEMPLE
  5488 | Temple   | Entered the Ecumenical Temple
  5489 | Temple   | 5489 ||| PLANNING D:1-11
  5494 | D:7      | 5494 ||| RETREEEEATING.
  5495 | D:7      | 5495 ||| RETREEEEATING.
  5496 | D:7      | 5496 ||| RETREEEEATING.
  5497 | D:7      | 5497 ||| RETREEEEATING.
  5498 | D:7      | 5498 ||| RETREEEEATING.
  5499 | D:7      | 5499 ||| RETREEEEATING.
  5692 | D:7      | 5692 ||| READING scroll of brand weapon.
  5692 | D:7      | 5692 ||| BRANDING +0 arbalest of draining.
  5762 | D:7      | HP: 9/45 [burnt (4)]
  5764 | D:7      | HP: 1/45 [burnt (4)]
  5765 | D:7      | Incinerated by a bombardier beetle

Levels and vault maps discovered:
D:1:      dpeg_arrival_erosion, layout_basic, serial_shops,
          nicolae_shop_advertising_works [nicolae_subvault_shop_adworks],
          hellmonk_ecumenical_altar_leap_of_faith
D:2:      layout_rooms, minmay_misc_feat_tiny, minmay_misc_feat_ornament
D:3:      layout_rooms, grunt_ministairs_1, hangedman_decor_push
D:4:      layout_basic
D:5:      layout_loops_cross, minmay_manual_maat, uniq_pikel
D:6:      nicolae_whirlpool, layout_basic, general_overflow_altar,
          enter_ossuary_3, chequers_serial_rivers_micro_b,
          nicolae_shop_i_like_small_books_too, nicolae_specific_store,
          corexii_hall_statues_x, uniq_jeremiah, uniq_crazy_yiuf_cottage
D:7:      layout_rooms, temple_green, minmay_ruffians
Temple:   minmay_freezing_vapour_temple

Skill      XL: |  1  2  3  4  5  6  7  8  9 |
---------------+----------------------------+-----
Dodging        | 3 4 5 6 9 11 | 11.8
Ranged Weapons | 5 6 7 8 9 11 | 11.1
Fighting       | 2 3 4 |  4.0
Stealth        | |  1.5

Action                     |  1- 3 |  4- 6 |  7- 9 || total
---------------------------+-------+-------+-------++-------
   Fire: Shortbow          |    55 |       |       ||    55
         Arbalest          |    55 |    60 |   258 ||   373
  Evoke: Wand              |       |       |     5 ||     5
    Use: Scroll            |     5 |     1 |     7 ||    13
         Potion            |       |     2 |     4 ||     6
 Armour: Robe              |     7 |    12 |    31 ||    50
  Dodge: Dodged            |    37 |    30 |   239 ||   306

Table legend:
 A = Non-vault XP
 B = Vault XP
 C = Vault XP percentage of total XP
 D = Non-vault monster count
 E = Vault monster count
 F = Vault count percentage of total count
                 A         B        C        D         E       F
            +---------+---------+-------+---------+---------+-------
      Total |    2935 |    2495 |  45.9 |     134 |      19 |  12.4
            +---------+---------+-------+---------+---------+-------
        D:1 |      29 |       0 |   0.0 |      17 |       0 |   0.0
        D:2 |      23 |       0 |   0.0 |      10 |       0 |   0.0
        D:3 |      70 |       3 |   4.1 |      17 |       2 |  10.5
        D:4 |     589 |       0 |   0.0 |      20 |       0 |   0.0
        D:5 |     433 |     750 |  63.4 |      18 |       6 |  25.0
        D:6 |     589 |     596 |  50.3 |      24 |       5 |  17.2
        D:7 |    1202 |    1146 |  48.8 |      28 |       6 |  17.6
            +---------+---------+-------+---------+---------+-------
